 Dungeon Crawl Stone Soup version 0.26.0-3-g156281e41b (webtiles) character file.

Game seed: 1596108729132468460

151 ythm the Digger (level 5, 0/37 HPs)
             Began as a Gnoll Earth Elementalist on Jan 10, 2021.
             Slain by an orc
             ... wielding a +0 whip
              (3 damage)
             ... on level 3 of the Dungeon.
             The game lasted 00:05:32 (2249 turns).

ythm the Digger (Gnoll Earth Elementalist)          Turns: 2249, Time: 00:05:33

Health: 0/37       AC:  3    Str: 11    XL:     5   Next: 33%
Magic:  6/12       EV: 15    Int: 18    God:
Gold:   79         SH:  0    Dex: 15    Spells: 10/14 levels left

rFire    . . .     SeeInvis .   m - +0 whip
rCold    . . .     Faith    .   (no shield)
rNeg     . . .     Spirit   .   c - +0 robe
rPois    .         Reflect  .   (no helmet)
rElec    .         Harm     .   o - +0 cloak
rCorr    .         Rampage  .   (no gloves)
Will     .....                  (no boots)
Stlth    +++.......             (no amulet)
HPRegen  0.12/turn              (no ring)
MPRegen  0.13/turn              (no ring)

@: no status effects
A: distributed training, fangs 1, strong nose
a: no special abilities


You were on level 3 of the Dungeon.
You visited 1 branch of the dungeon, and saw 3 of its levels.

You collected 79 gold pieces.

Inventory:

Hand Weapons
 j - a +0 mace
 m - a +0 whip (weapon)
Missiles
 b - 55 stones
 l - 38 arrows
 r - 21 bolts
Armour
 c - a +0 robe (worn)
 d - a +0 leather armour
 i - a +0 ring mail
 o - a +0 cloak (worn)
Jewellery
 q - an uncursed ring of ice {unknown}
Scrolls
 f - a scroll of random uselessness {unknown}
 g - 2 scrolls of remove curse {unknown}
 k - a scroll of magic mapping {unknown}
 n - 5 scrolls of identify {unknown}
 p - 2 scrolls of teleportation {unknown}
Potions
 a - a potion of curing {unknown}
 e - 2 potions of resistance {unknown}
 h - 4 potions of heal wounds {unknown}


   Skills:
 + Level 1.4 Fighting
 + Level 1.4 Short Blades
 + Level 1.4 Long Blades
 + Level 1.4 Axes
 + Level 1.4 Maces & Flails
 + Level 1.4 Polearms
 + Level 1.4 Staves
 + Level 1.4 Slings
 + Level 1.4 Bows
 + Level 1.4 Crossbows
 + Level 1.4 Throwing
 + Level 1.4 Armour
 + Level 4.8 Dodging
 + Level 4.4 Stealth
 + Level 1.4 Shields
 + Level 1.4 Unarmed Combat
 + Level 5.2 Spellcasting
 + Level 1.1 Conjurations
 + Level 1.1 Hexes
 + Level 1.1 Summonings
 + Level 1.1 Necromancy
 + Level 1.1 Translocations
 + Level 2.4 Transmutations
 + Level 1.1 Fire Magic
 + Level 1.1 Ice Magic
 + Level 1.1 Air Magic
 + Level 5.5 Earth Magic
 + Level 1.1 Poison Magic
 + Level 1.6 Invocations
 + Level 1.4 Evocations


You had 10 spell levels left.
You knew the following spells:

 Your Spells              Type           Power        Failure   Level
a - Sandblast             Erth           48%          1%          1
b - Stone Arrow           Conj/Erth      32%          10%         3

Your spell library contained the following spells:

 Spells                   Type           Power        Failure   Level
 Passwall                 Tmut/Erth      15%          3%          2
 Petrify                  Tmut/Erth      19%          26%         4
 Lee's Rapid Deconstruct  Erth           12%          36%         5


Dungeon Overview and Level Annotations

Branches:
Dungeon (3/15)

Altars:
Nemelex Xobeh
Vehumet


Innate Abilities, Weirdness & Mutations

Your experience applies equally to all skills.
You have very sharp teeth.
Your uncanny sense of smell can sniff out nearby items.


Message History

You barely miss the orc.
The orc is moderately wounded.
The orc throws a boomerang.
The boomerang hits you.
* * * LOW HITPOINT WARNING * * *
The weapon returns to the orc!
The orc closely misses you. The orc misses you.
The orc throws a boomerang.
The boomerang hits you.
* * * LOW HITPOINT WARNING * * *
The weapon returns to the orc!
The orc misses you.
Unknown command.
The orc closely misses you.
The orc throws a boomerang.
The boomerang hits you.
* * * LOW HITPOINT WARNING * * *
The weapon returns to the orc!
The adder hisses angrily.
A rat comes into view.
The orc throws a boomerang.
The boomerang closely misses you.
The weapon returns to the orc!
The orc hits you with a +0 whip.
You die...

..........###...........#
.#.....#.##...............#
...#...#...........########
#..$........#.....#
#....S........#...#
##.............#...#
............[.##...#
#.....o....## #.## ##....#o@.##
##.# ####.#.### #.. #####o#†#
#.# ..o.... ...#o..#### #[#
#oo.o..####.#.o....# #.#
...................# #.#
#.....#####.......###.# #######
#..... #....##...#.###.....#
##.....#####r##.####....##.....#


You could see an adder and 3 orcs.

Vanquished Creatures
  An orc wizard (D:3)
  A jelly (D:3)
  2 adders (D:2)
  2 oozes
  A worm (D:2)
  4 dart slugs
  A leopard gecko (D:2)
  2 orcs
  2 ball pythons
  6 bats
  4 giant cockroaches
  5 goblins
  2 hobgoblins
  5 jackals (D:1)
  6 kobolds
  A quokka (D:2)
  A frilled lizard (D:1)
  9 rats
55 creatures vanquished.

Notes
Turn   | Place    | Note
-------+----------+-------------------------------------------
     0 | D:1      | ythm the Gnoll Earth Elementalist began the quest for the
                  | Orb.
     0 | D:1      | Reached XP level 1. HP: 13/13 MP: 6/6
    48 | D:1      | Reached XP level 2. HP: 18/19 MP: 0/7
   464 | D:1      | Reached XP level 3. HP: 23/25 MP: 9/9
   536 | D:1      | Reached skill level 5 in Spellcasting
   771 | D:1      | Reached skill level 1 in Invocations
  1388 | D:2      | Found a sparkling altar of Nemelex Xobeh.
  1479 | D:2      | Learned a level 3 spell: Stone Arrow
  1499 | D:2      | Reached skill level 1 in Fighting
  1499 | D:2      | Reached skill level 1 in Short Blades
  1499 | D:2      | Reached skill level 1 in Long Blades
  1499 | D:2      | Reached skill level 1 in Axes
  1499 | D:2      | Reached skill level 1 in Maces & Flails
  1499 | D:2      | Reached skill level 1 in Polearms
  1499 | D:2      | Reached skill level 1 in Staves
  1499 | D:2      | Reached skill level 1 in Slings
  1499 | D:2      | Reached skill level 1 in Bows
  1499 | D:2      | Reached skill level 1 in Crossbows
  1499 | D:2      | Reached skill level 1 in Throwing
  1499 | D:2      | Reached skill level 1 in Armour
  1499 | D:2      | Reached skill level 1 in Shields
  1499 | D:2      | Reached skill level 1 in Unarmed Combat
  1499 | D:2      | Reached skill level 1 in Evocations
  1499 | D:2      | Reached XP level 4. HP: 18/32 MP: 9/11
  1794 | D:2      | Found a radiant altar of Vehumet.
  2085 | D:2      | Reached skill level 1 in Conjurations
  2085 | D:2      | Reached skill level 1 in Hexes
  2085 | D:2      | Reached skill level 1 in Summonings
  2085 | D:2      | Reached skill level 1 in Necromancy
  2085 | D:2      | Reached skill level 1 in Translocations
  2085 | D:2      | Reached skill level 1 in Fire Magic
  2085 | D:2      | Reached skill level 1 in Ice Magic
  2085 | D:2      | Reached skill level 1 in Air Magic
  2085 | D:2      | Reached skill level 1 in Poison Magic
  2167 | D:3      | Reached XP level 5. HP: 37/37 MP: 7/12
  2249 | D:3      | Slain by an orc

Illustrated notes

Levels and vault maps discovered:
D:1:      eino_arrival_druids_welcome, layout_basic
D:2:      layout_basic, lemuel_crystal_altar, vehumet_crystals,
          grunt_decor_mini_mirrors, amcnicky_mini_corridor_feature,
          wad_floor_pattern_untrapped, nemelex_dance_club_becter
D:3:      layout_rooms, overflow_temple_1_default

Skill      XL: |  1  2  3  4 |
---------------+-------------+-----
Transmutations | 2 |  2.4
Spellcasting   | 5 |  5.2
Invocations    | 1 |  1.6
Fighting       | 1 |  1.4
Short Blades   | 1 |  1.4
Long Blades    | 1 |  1.4
Axes           | 1 |  1.4
Maces & Flails | 1 |  1.4
Polearms       | 1 |  1.4
Staves         | 1 |  1.4
Slings         | 1 |  1.4
Bows           | 1 |  1.4
Crossbows      | 1 |  1.4
Throwing       | 1 |  1.4
Armour         | 1 |  1.4
Shields        | 1 |  1.4
Unarmed Combat | 1 |  1.4
Evocations     | 1 |  1.4
Conjurations   | 1 |  1.1
Hexes          | 1 |  1.1
Summonings     | 1 |  1.1
Necromancy     | 1 |  1.1
Translocations | 1 |  1.1
Fire Magic     | 1 |  1.1
Ice Magic      | 1 |  1.1
Air Magic      | 1 |  1.1
Poison Magic   | 1 |  1.1
Dodging        | |  4.8
Stealth        | |  4.4
Earth Magic    | |  5.5

Action                   |  1- 3 |  4- 6 || total
-------------------------+-------+-------++-------
Melee: Unarmed           |    11 |       ||    11
       Mace              |    18 |       ||    18
       Bite              |     2 |     3 ||     5
       Whip              |    45 |    53 ||    98
 Cast: Sandblast         |    18 |    23 ||    41
 Stab: Sleeping          |     4 |     3 ||     7
Armor: Robe              |    11 |     6 ||    17
Dodge: Dodged            |    57 |    49 ||   106
